 Dungeon Sprint DCSS version 0.27-a0-1423-ge5d6b6ab6a (webtiles) character file.

Game seed: 15755761779995878730

2982 Conn the Arsonist (level 9, -5/54 HPs)
             Began as an Octopode Fire Elementalist on July 2, 2021.
             Was a Believer of Sif Muna.
             Shot with an arrow by a centaur warrior (21 damage)
             ... in the Dungeon (Sprint II: "The Violet Keep of Menkaure").
             The game lasted 00:20:49 (1383 turns).

Conn the Arsonist (Octopode Fire Elementalist)      Turns: 1383, Time: 00:20:49

Health: -5/54      AC:  1    Str:  7    XL:     9   Next: 83%
Magic:  27/33      EV: 16    Int: 21    God:    Sif Muna [**....]
Gold:   109        SH:  0    Dex: 12    Spells: 14/30 levels left

rFire    + . .     SeeInvis .   (no weapon)
rCold    x . .     Faith    .   (no shield)
rNeg     . . .     Spirit   .   (helmet restricted)
rPois    .         Reflect  .   (no amulet)
rElec    .         Harm     .   a - ring of fire
rCorr    .         Rampage  .   b - ring of magical power
Will     .....     NoTele   +   (no ring)
Stlth    +++++.....             (no ring)
HPRegen  0.18/turn              (no ring)
MPRegen  0.23/turn              (no ring)
                                (no ring)
                                (no ring)

@: slowed, very slow
A: almost no armour, amphibious, 8 rings, camouflage 1, gelatinous body 1,
(nimble swimmer 1), tentacles
a: Renounce Religion, Channel Magic


You were in the Dungeon.
You worshipped Sif Muna.
Sif Muna was pleased with you.
You visited 1 branch You collected 1053 gold pieces.
You spent 944 gold pieces at shops.

Inventory:

Jewellery
 a - a ring of fire (left tentacle)
 b - a ring of magical power (right tentacle)
Scrolls
 f - a scroll of blinking
Potions
 d - a potion of magic


   Skills:
 + Level 1.7 Fighting
 + Level 7.8 Dodging
 - Level 9.4 Stealth
 * Level 11.0 Spellcasting
 * Level 8.4 Conjurations
 + Level 13.6 Fire Magic


You had 14 spell levels left.
You knew the following spells:

 Your Spells              Type           Power      Damage    Failure   Level
a - Foxfire               Conj/Fire      100%       2x1d9     1%          1
b - Inner Flame           Hex/Fire       57%        N/A       1%          3
c - Conjure Flame         Conj/Fire      72%        6-21      1%          3
d - Sticky Flame          Conj/Fire      72%        2d9       1%          4
e - Fireball              Conj/Fire      36%        3d15      1%          5

Your spell library contained the following spells:

 Spells                   Type           Power      Damage    Failure   Level


Dungeon Overview and Level Annotations

Branches:
Dungeon (1/1)

Altars:
Cheibriados
Dithmenos
Elyvilon
Fedhas
Gozag
Hepliaklqana
Kikubaaqudgha
Makhleb
Nemelex Xobeh
Okawaru
Qazlal
Ru
Sif Muna
Trog
Uskayaw
Vehumet
Wu Jian
Xom
Yredelemnul
Zin
The Shining One
Beogh
Jiyva
Lugonu

Shops:
D !:**=?:[(*[*=![

Annotations:
D exclusion: oklob plant, Roxanne


Innate Abilities, Weirdness & Mutations

You cannot wear most types of armour.
You are amphibious.
You can wear up to eight rings at the same time.
Your skin changes colour to match your surroundings (Stealth+).
Your rubbery body absorbs attacks. (AC +1, EV +1)
((You are camouflaged near water. (Stealth+)))
You have tentacles for arms and can constrict up to eight enemies at once.


Message History

Press: ? - help, Shift-Dir - straight line
Okay, then.
A kobold demonologist comes into view. It is wielding a +0 dagger.
Kirke burns!
Kirke is engulfed in a cloud of scalding steam.
Okay, then.
Casting: Fireball (dangerous; 1% risk of failure)
Confirm with . or Enter, or press ? or * to list all spells.
Aiming: Fireball (dangerous; 1% risk of failure)
Press: ? - help, Shift-Dir - straight line, f - Kirke
Aim: Kirke (almost dead, covered in liquid flames)
Okay, then.
Unknown command.
You aren't carrying any items that you can evoke.
Blink to where?
Press: ? - help, Dir - move target
As you read the scroll of blinking, it crumbles to dust.
Kirke burns!
Kirke casts a spell at you.
You feel yourself slow down. Magic courses through your body.
Kirke burns!
The centaur warrior wields a +0 shortbow.
The centaur warrior shoots an arrow.
The arrow hits you!
* * * LOW HITPOINT WARNING * * *
Okay, then.
Unknown command.
Unknown command.
Casting: Fireball (dangerous; 1% risk of failure)
Confirm with . or Enter, or press ? or * to list all spells.
Aiming: Fireball (dangerous; 1% risk of failure)
Press: ? - help, Shift-Dir - straight line, f - Kirke
Aim: Kirke (almost dead, covered in liquid flames)
You feel a surge of power!
The fireball explodes!
The fireball engulfs Kirke!!
You kill Kirke!
Sif Muna accepts your kill.
The fireball engulfs the centaur warrior!!
The centaur warrior is moderately wounded.
The centaur warrior is engulfed in a cloud of scalding steam.
The centaur warrior shoots an arrow.
The arrow hits you!!
You die...

####+ ##§§≈≈
##§§§§§ # +.≈.§§8
c@####≈≈§§≈ z.≈##
§§§
############§≈#+++#
###########≈≈K.....
##@.∩.....#≈≈z≈.##+
##.∩.∩....#≈≈≈≈###B
##..∩.∩...#≈≈s≈#..#
##...∩.∩..#≈≈####B#
##....∩.c.#c##.###○
##...∩.∩..#≈#...##.
##....∩[..'≈+###'.<
##.∩.∩....#≈#...##.
#▓▓▓▓▓▓▓###≈##.###'


You could see a centaur warrior.

Vanquished Creatures
  Kirke (D)
  A death drake (D)
  A merfolk siren (D)
  A yaktaur (D)
  A hornet (D)
  3 polar bears (D)
  A redback (D)
  Menkaure (D)
  A water moccasin (D)
  A swamp drake (D)
  4 necrophages (D)
  4 scorpions (D)
  A hell rat (D)
21 creatures vanquished.

Vanquished Creatures (others)
  A water moccasin (D)
  60 foxfires (D)
61 creatures vanquished.

Grand Total: 82 creatures vanquished

Notes
Turn   | Place    | Note
-------+----------+-------------------------------------------
     0 | D        | Conn the Octopode Fire Elementalist began the quest for the
                  | Orb.
     0 | D        | Reached XP level 1. HP: 11/11 MP: 3/3
     1 | D        | Noticed a boulder beetle
     1 | D        | Noticed a boulder beetle
     4 | D        | Noticed a necrophage
     4 | D        | Noticed a necrophage
     4 | D        | Noticed a necrophage
     4 | D        | Noticed a necrophage
     9 | D        | Killed a necrophage
    10 | D        | Reached skill level 6 in Fire Magic
    10 | D        | Reached XP level 2. HP: 15/18 MP: 3/6
    10 | D        | Reached XP level 3. HP: 19/22 MP: 4/8
    10 | D        | Reached XP level 4. HP: 23/27 MP: 4/9
    16 | D        | Killed a necrophage
    17 | D        | Reached skill level 5 in Stealth
    17 | D        | Reached skill level 8 in Fire Magic
    17 | D        | Reached XP level 5. HP: 28/32 MP: 4/12
    24 | D        | Killed a necrophage
    25 | D        | Reached skill level 5 in Spellcasting
    25 | D        | Reached skill level 9 in Fire Magic
    25 | D        | Reached XP level 6. HP: 19/37 MP: 5/14
    45 | D        | Killed a necrophage
    46 | D        | Reached skill level 1 in Fighting
    46 | D        | Reached skill level 5 in Dodging
    46 | D        | Reached skill level 10 in Fire Magic
    66 | D        | Noticed Menkaure
    71 | D        | Killed a water moccasin
    73 | D        | Learned a level 3 spell: Conjure Flame
    78 | D        | Learned a level 4 spell: Sticky Flame
    82 | D        | Learned a level 3 spell: Inner Flame
    88 | D        | Learned a level 5 spell: Fireball
   122 | D        | Killed Menkaure
   123 | D        | Reached skill level 11 in Fire Magic
   123 | D        | Reached XP level 7. HP: 28/43 MP: 6/16
   297 | D        | Noticed a merfolk siren
   311 | D        | Killed a merfolk siren
   312 | D        | Reached skill level 12 in Fire Magic
   312 | D        | Reached XP level 8. HP: 48/48 MP: 12/19
   457 | D        | Identified Roxanne's Catalogue of Earth
   457 | D        | Noticed Roxanne
   472 | D        | Found Liuthosuud's Distillery.
   472 | D        | Found Acvoir's Antique Armour Shop.
   473 | D        | Found Ozomuek's Antique Armour Shop.
   473 | D        | Found Tehoc's General Store.
   473 | D        | Found Paowitwu's Jewellery Shop.
   474 | D        | Found Fiwaorph's Armour Shop.
   474 | D        | Found Riplarui's Antique Weapon Boutique.
   474 | D        | Found Biryxt's Book Boutique.
   474 | D        | Found Fun Xamn's General Store.
   475 | D        | Found Xeshryh's Magic Scroll Boutique.
   475 | D        | Found Cuahug's Jewellery Shop.
   475 | D        | Noticed a wyvern
   475 | D        | Noticed a wyvern
   497 | D        | Noticed an ice dragon
   499 | D        | Found Ymoofray's General Store.
   499 | D        | Found Niric's Assorted Antiques.
   499 | D        | Noticed a wyvern
   499 | D        | Noticed an oklob plant
   500 | D        | Found Yguf Ymp's Book Shoppe.
   500 | D        | Found Beschucw's Distillery.
   508 | D        | Noticed a fire dragon
   545 | D        | Bought a polished buckler for 209 gold pieces
   545 | D        | Identified the -5 buckler "Weutuhot" {rElec} (You bought it
                  | in a shop in the Dungeon)
   568 | D        | Bought 2 scrolls of blinking for 150 gold pieces
   570 | D        | Bought a ring of fire for 325 gold pieces
   570 | D        | Bought a ring of magical power for 260 gold pieces
   652 | D        | Noticed a flying skull
   655 | D        | Found a stormy altar of Qazlal.
   655 | D        | Found an ornate altar of the Wu Jian Council.
   655 | D        | Found a glowing golden altar of the Shining One.
   656 | D        | Found a hazy altar of Hepliaklqana.
   656 | D        | Found a sacrificial altar of Ru.
   656 | D        | Found a shimmering altar of Xom.
   657 | D        | Found a viscous altar of Jiyva.
   657 | D        | Found a shimmering blue altar of Sif Muna.
   658 | D        | Found a snail-covered altar of Cheibriados.
   658 | D        | Found an ancient bone altar of Kikubaaqudgha.
   658 | D        | Found a bloodstained altar of Trog.
   659 | D        | Found a shadowy altar of Dithmenos.
   659 | D        | Found a corrupted altar of Lugonu.
   659 | D        | Found a basalt altar of Yredelemnul.
   659 | D        | Found a hide-covered altar of Uskayaw.
   660 | D        | Found a white marble altar of Elyvilon.
   660 | D        | Found a burning altar of Makhleb.
   661 | D        | Found a blossoming altar of Fedhas.
   663 | D        | Found an opulent altar of Gozag.
   663 | D        | Found a sparkling altar of Nemelex Xobeh.
   663 | D        | Noticed a hornet
   663 | D        | Noticed a polar bear
   664 | D        | Found a glowing silver altar of Zin.
   664 | D        | Found a radiant altar of Vehumet.
   664 | D        | Found an iron altar of Okawaru.
   664 | D        | Noticed a yaktaur
   665 | D        | Noticed a polar bear
   669 | D        | Became a worshipper of Sif Muna the Loreminder
   673 | D        | Paralysed by a hornet for 1 turns
   674 | D        | Killed a yaktaur
   674 | D        | Killed a polar bear
   675 | D        | Reached skill level 5 in Conjurations
   675 | D        | Reached skill level 13 in Fire Magic
   677 | D        | Killed a hornet
   677 | D        | Reached * piety under Sif Muna
   678 | D        | Reached XP level 9. HP: 20/53 MP: 10/22
   897 | D        | Killed a polar bear
   959 | D        | Noticed a death drake
   969 | D        | Killed a death drake
   969 | D        | Reached ** piety under Sif Muna
   970 | D        | Reached skill level 10 in Spellcasting
  1257 | D        | Noticed a polar bear
  1272 | D        | Killed a polar bear
  1313 | D        | Noticed a death drake
  1345 | D        | Noticed a centaur warrior
  1345 | D        | Noticed Kirke
  1345 | D        | Noticed a skeletal warrior
  1366 | D        | Noticed a yaktaur captain
  1380 | D        | Noticed a kobold demonologist
  1383 | D        | Killed Kirke
  1383 | D        | Shot with an arrow by a centaur warrior

Illustrated notes

Levels and vault maps discovered:
D:        the_violet_keep_of_menkaure [sprint2_stairs_cluster_1,
          sprint2_shoproom, sprint2_temple, sprint2_basic_supplies,
          sprint2_obstacle_5, sprint2_obstacle_1, sprint2_obstacle_6,
          sprint2_obstacle_4, sprint2_obstacle_7, sprint2_timed_cluster_1,
          sprint2_smallroom_cluster_1, sprint2_smallroom_final_cluster_1,
          sprint2_transparent_cluster_1, sprint2_second_timed_cluster_1,
          sprint2_sniper_area_1, sprint2_heavy_combat_area_1,
          sprint2_mutation_trap_area_1, sprint2_forest_area_1,
          sprint2_light_combat_area_1, sprint2_behind_water_1,
          sprint2_near_end_vault_1]

Skill      XL: |  1  2  3  4  5  6  7  8  9 |
---------------+----------------------------+-----
Dodging        | 3 4 6 7 |  7.8
Stealth        | 4 5 6 7 8 9 |  9.4
Spellcasting   | 3 4 5 6 7 9 11 | 11.0
Fire Magic     | 6 8 9 11 12 13 | 13.6
Fighting       | 1 |  1.7
Conjurations   | 2 3 5 8 |  8.4

Action                   |  1- 3 |  4- 6 |  7- 9 || total
-------------------------+-------+-------+-------++-------
Melee: Unarmed           |     3 |    31 |     2 ||    36
       Tentacles         |     1 |     5 |       ||     6
       Constrict         |     1 |     4 |       ||     5
 Cast: Foxfire           |       |     7 |    29 ||    36
       Conjure Flame     |       |     1 |     5 ||     6
       Fireball          |       |       |    19 ||    19
       Sticky Flame      |       |       |     3 ||     3
  Use: Potion            |     2 |     2 |     1 ||     5
       Scroll            |       |       |     2 ||     2
Armor: Skin              |       |     1 |     1 ||     2
Dodge: Dodged            |       |    16 |     8 ||    24

Table legend: (Time is in decaauts)
 A = Elapsed time spent in this place.
 B = Non-inter-level travel time spent in this place.
 C = Inter-level travel time spent in this place.
 D = Time resting spent in this place.
 E = Time spent auto-exploring this place.
 F = Levels seen in this place.
 G = Mean time per level.
                   A        B        C        D        E       F      G
               +--------+--------+--------+--------+--------+-----+--------+
         Total |   1377 |   1377 |      0 |    873 |      0 |   1 | 1377.0 |
       Dungeon |   1377 |   1377 |      0 |    873 |      0 |   1 | 1377.0 |
               +--------+--------+--------+--------+--------+-----+--------+

Top non-repeatable levels by time:
       D: 1377 daAuts
